Map: Oxide LE

Players

BearPlox

  • Race: Protoss Protoss
  • League: Platinum

ViBE - Winner!

  • Race: Zerg Zerg
  • League: Diamond

VOD

Have the link to the VOD?

Description

Time

  • Played on: April 8, 2021, 11:12 p.m.
  • Length: 14:01
Show
View Real Time Build Order
Export as new Build Order

BearPlox Protoss 

Build Orders: 1 Gate Expand 

Get SALT Encoding   

  12  0:00  Probe  
  13  0:12  Probe  
  14  0:24  Probe, Pylon  
  15  0:42  Probe (Chrono Boost), Gateway  
  16  0:48  Assimilator  
  16  0:53  Probe (Chrono Boost)  
  17  0:58  Probe (Chrono Boost)  
  18  1:08  Probe  
  19  1:20  Probe  
  20  1:31  Cybernetics Core  
  20  1:40  Nexus  
  20  1:43  Probe  
  21  1:52  Pylon  
  21  1:55  Probe  
  22  2:02  Assimilator  
  22  2:07  Probe  
  23  2:12  Stargate  
  23  2:19  Probe  
  24  2:27  Warp Gate  
  24  2:31  Probe  
  25  2:42  Stalker (Chrono Boost)  
  25  2:43  Probe  
  28  2:55  Probe  
  28  2:56  Gateway  
  29  3:03  Probe  
  30  3:20  Probe x2, Void Ray (Chrono Boost)  
  30  3:26  Pylon  
  32  3:32  Probe x2  
  38  3:44  Probe, Gateway  
  38  3:46  Probe  
  40  3:48  Pylon  
  40  3:56  Probe  
  40  3:58  Probe  
  42  4:08  Probe  
  43  4:10  Probe  
  43  4:13  Assimilator  
  43  4:15  Assimilator  
  44  4:18  Robotics Facility  
  44  4:20  Probe  
  44  4:22  Probe  
  45  4:26  Stalker x2  
  49  4:32  Probe, Pylon  
  49  4:35  Probe  
  51  4:48  Void Ray (Chrono Boost)  
  51  4:49  Probe  
  51  4:50  Stalker x3  
  51  4:52  Probe  
  63  5:01  Probe  
  64  5:14  Stalker x3  
  66  5:23  Immortal  
  70  5:31  Pylon  
  70  5:35  Pylon  
  70  5:39  Twilight Council  
  70  5:43  Pylon  
  70  5:46  Probe  
  69  5:53  Stalker x3  
  75  6:20  Immortal (Chrono Boost)  
  75  6:22  Blink (Chrono Boost)  
  79  6:27  Stalker x3  
  79  6:35  Probe x2  
  79  6:39  Pylon  
  81  6:42  Pylon  
  81  6:44  Gateway  
  82  6:47  Probe  
  82  6:50  Dark Shrine  
  80  6:55  Nexus  
  80  6:56  Pylon  
  72  7:08  Stalker x3  
  74  7:32  Stalker x3  
  74  7:34  Probe  
  74  7:37  Forge  
  81  7:47  Probe  
  82  8:06  Observer (Chrono Boost)  
  82  8:09  Stalker  
  82  8:10  Stalker x3  
  91  8:15  Probe  
  91  8:16  Gateway  
  91  8:18  Probe  
  91  8:19  Gateway  
  93  8:20  Probe, Pylon, Shield Battery  
  93  8:23  Pylon  
  93  8:24  Observer  
  95  8:28  Charge (Chrono Boost)  
  93  8:45  Zealot x4  
  101  8:48  Probe  
  102  8:57  Probe x2, Protoss Ground Weapons Level 1 (Chrono Boost)  
  102  9:00  Probe, Assimilator  
  105  9:04  Assimilator  
  105  9:09  Probe  
  106  9:11  Zealot x2  
  106  9:12  Zealot x2  
  106  9:15  Dark Templar x2  
  117  9:26  Immortal (Chrono Boost)  
  117  9:27  Probe  
  122  9:36  Zealot x3  
  122  9:37  Stalker  
  130  9:39  Probe x2  
  130  9:40  Probe  
  133  9:46  Pylon  
  133  10:05  Nexus  
  133  10:08  Pylon  
  133  10:09  Pylon  
  106  10:37  Zealot x6  
  76  10:58  Stalker x3  
  76  10:59  Stalker x3  
  76  11:02  Probe  
  87  11:09  Templar Archives  
  87  11:22  Gateway  
  87  11:25  Gateway  
  87  11:26  Stalker x5  
  87  11:27  Stalker  
  87  11:28  Gateway  
  87  11:29  Gateway  
  87  11:30  Probe, Gateway  
  87  11:32  Probe  
  101  11:38  Assimilator  
  101  11:40  Assimilator  
  101  11:49  Immortal (Chrono Boost)  
  101  11:50  Zealot  
  101  11:51  Zealot x5  
  117  11:59  Robotics Facility  
  117  12:02  Pylon  
  117  12:05  Pylon  
  117  12:08  Nexus  
  117  12:09  Pylon  
  117  12:11  Pylon x2  
  117  12:12  Probe, Pylon  
  118  12:15  Shield Battery  
  118  12:17  Shield Battery  
  118  12:20  Probe  
  118  12:21  Dark Templar x2  
  123  12:23  Pylon  
  123  12:24  Psionic Storm  
  123  12:28  High Templar x5  
  123  12:29  High Templar x4  
  141  12:31  Pylon  
  141  12:32  Archon  
  141  12:33  Archon x3  
  137  12:48  Observer  
  137  12:50  Probe  
  137  12:51  Probe  
  140  13:03  Dark Templar  
  140  13:04  Zealot x2, Dark Templar x3  
  140  13:05  Zealot x3  
  120  13:26  Zealot x2  
  120  13:27  Zealot x5  
  90  13:38  Probe  
Show
View Real Time Build Order
Export as new Build Order

ViBE Zerg - Winner!

Build Orders: Hatch First, Roach Hydra 

Get SALT Encoding   

  12  0:01  Drone  
  13  0:14  Overlord  
  13  0:16  Drone  
  14  0:34  Drone x2  
  16  0:48  Hatchery  
  15  0:52  Drone  
  16  0:57  Drone  
  16  1:02  Drone  
  18  1:16  Spawning Pool  
  18  1:18  Drone  
  18  1:19  Drone  
  19  1:33  Extractor  
  18  1:40  Drone  
  19  1:58  Overlord  
  19  2:02  Queen x2  
  19  2:04  Drone x3  
  26  2:18  Drone x2  
  28  2:28  Drone x2  
  30  2:33  Drone  
  30  2:34  Drone  
  32  2:45  Lair, Queen  
  32  2:46  Drone x2  
  36  2:56  Overlord  
  36  3:05  Overlord  
  36  3:14  Overlord  
  36  3:15  Drone x7  
  36  3:18  Drone  
  44  3:23  Extractor  
  44  3:24  Extractor  
  44  3:25  Drone  
  43  3:28  Roach Warren  
  43  3:29  Evolution Chamber  
  41  3:35  Drone x2  
  41  3:39  Queen  
  45  3:43  Drone x5  
  45  3:44  Drone  
  51  4:06  Overlord x2  
  51  4:07  Glial Reconstitution, Overlord  
  51  4:15  Hatchery  
  50  4:22  Drone  
  50  4:23  Drone  
  52  4:28  Overlord x2  
  52  4:31  Drone x7  
  55  4:37  Drone x2  
  61  4:49  Roach x2  
  65  4:53  Roach  
  65  4:59  Roach  
  68  5:09  Roach x2, Overlord x2  
  68  5:12  Drone x2  
  74  5:18  Drone  
  74  5:20  Hydralisk Den  
  74  5:21  Evolution Chamber  
  73  5:22  Drone  
  74  5:30  Extractor  
  74  5:31  Drone x2  
  73  5:43  Roach x4  
  73  5:44  Queen x3  
  83  5:52  Roach x7  
  97  6:03  Grooved Spines  
  97  6:04  Zerg Ground Armor Level 1  
  97  6:07  Zerg Missile Weapons Level 1  
  97  6:13  Overlord x2  
  95  6:21  Drone x7  
  100  6:34  Drone x4  
  100  6:35  Drone x3  
  100  6:37  Extractor  
  100  6:38  Extractor  
  105  6:51  Hatchery  
  105  6:52  Drone x2  
  105  6:53  Drone  
  103  7:00  Overlord  
  103  7:01  Overlord  
  91  7:04  Hydralisk x5  
  91  7:07  Hydralisk  
  89  7:10  Hydralisk  
  89  7:14  Muscular Augments  
  89  7:20  Hydralisk x2  
  88  7:33  Hydralisk  
  88  7:34  Hydralisk x10  
  110  7:39  Extractor  
  110  7:41  Extractor  
  108  7:47  Hatchery  
  107  7:54  Roach x9  
  125  8:03  Overseer  
  125  8:07  Drone x5  
  130  8:16  Drone x2  
  132  8:20  Overlord  
  132  8:31  Drone x3  
  135  8:37  Hatchery  
  134  8:44  Drone x5  
  134  8:45  Drone  
  134  8:48  Zerg Ground Armor Level 2, Zerg Missile Weapons Level 2  
  140  8:51  Infestation Pit  
  139  9:09  Drone x11  
  150  9:10  Drone x2  
  152  9:17  Extractor  
  152  9:18  Extractor, Drone  
  152  9:21  Overlord x6  
  151  9:29  Overlord x2  
  151  9:40  Overseer x2  
  151  9:45  Spine Crawler, Drone x2, Spore Crawler  
  150  9:47  Spore Crawler  
  150  9:48  Spine Crawler  
  150  9:49  Spore Crawler  
  150  9:51  Spine Crawler, Spore Crawler  
  150  9:52  Spine Crawler  
  143  9:58  Drone x3  
  143  9:59  Drone x10  
  156  10:04  Hive  
  156  10:07  Hydralisk x3  
  156  10:08  Hydralisk x5  
  170  10:16  Roach x4  
  176  10:23  Hydralisk x5  
  176  10:24  Hydralisk  
  176  10:26  Roach  
  156  10:42  Drone  
  139  10:43  Drone x8  
  141  11:05  Queen  
  141  11:08  Drone x14  
  157  11:20  Spine Crawler  
  157  11:21  Spine Crawler, Drone  
  157  11:22  Drone x4  
  160  11:34  Lurker Den  
  160  11:36  Spore Crawler  
  160  11:37  Drone x3  
  160  11:38  Spine Crawler  
  160  11:41  Spine Crawler  
  160  11:46  Roach x8  
  175  12:05  Hydralisk x5, Roach x6  
  175  12:06  Hydralisk  
  175  12:08  Drone  
  200  12:14  Spine Crawler  
  199  12:18  Drone  
  199  12:19  Spine Crawler  
  199  12:23  Spine Crawler  
  199  12:24  Drone  
  199  12:25  Drone  
  156  13:28  Roach  
  156  13:29  Hydralisk x8, Roach x16  
  188  13:45  Drone x4, Hatchery  
  188  13:48  Spine Crawler  
  188  13:49  Spore Crawler  
  188  13:51  Spine Crawler  
Tags
 
Add a new tag
Caveats
  • Supply blocks, unpowered buildings, or Contaminate may cause inaccurate times.
  • Supply counts are checked every 10 seconds.